 Dungeon Crawl Stone Soup version 0.31-a0-188-g5e087ee2ca (webtiles) character file.

Game seed: 6030852120798380059

81 mopl the Slasher (level 4, -2/26 HPs)
             Began as a Tengu Warper on June 23, 2023.
             Slain by a gnoll
             ... wielding a +0 spear
              (8 damage)
             ... on level 2 of the Dungeon.
             The game lasted 00:01:48 (1006 turns).

mopl the Slasher (Tengu Warper)                     Turns: 1006, Time: 00:01:49

Health: -2/26      AC:  4    Str: 14    XL:     4   Next: 42%
Magic:  9/9        EV: 12    Int: 13    God:
Gold:   46         SH:  5    Dex: 13    Spells: 4/8 levels left

rFire   . . .        a - +0 falchion
rCold   . . .        (no shield)
rNeg    . . .        b - +0 leather armour
rPois   .            (helmet restricted)
rElec   .            m - +0 cloak
rCorr   .            (no gloves)
SInv    .            (boots unavailable)
Will    .....        h - amulet of reflection
Stlth   +            (no ring)
HPRegen 0.24/turn    (no ring)
MPRegen 0.11/turn

%: reflection
@: no status effects
A: beak, talons 3
a: no special abilities


You were on level 2 of the Dungeon.
You visited 1 branch of the dungeon, and saw 2 of its levels.

You collected 46 gold pieces.

Inventory:

Hand Weapons
 a - a +0 falchion (weapon)
Missiles
 d - 7 boomerangs of dispersal (quivered)
Armour
 b - a +0 leather armour (worn)
 m - a +0 cloak (worn)
Jewellery
 h - an amulet of reflection (around neck)
Scrolls
 c - a scroll of blinking
 e - a scroll of teleportation {unknown}
 k - a scroll of revelation {unknown}
Potions
 f - 2 potions of curing {unknown}
 g - a potion of resistance {unknown}
 i - 2 potions of heal wounds {unknown}
 j - a potion of magic {unknown}
 l - a potion of cancellation {unknown}


   Skills:
 - Level 2.0 Fighting
 * Level 3.8 Long Blades
 - Level 1.0 Throwing
 - Level 1.1 Armour
 - Level 2.1 Dodging
 + Level 2.6 Spellcasting
 + Level 2.9 Translocations


You had 4 spell levels left.
You knew the following spells:

 Your Spells              Type           Power      Damage    Failure   Level
b - Lesser Beckoning      Tloc           18%        N/A       13%         2
e - Blink                 Tloc           18%        N/A       13%         2

Your spell library contained the following spells:

 Spells                   Type           Power      Damage    Failure   Level
 Teleport Other           Tloc           9%         N/A       26%         3
 Vhi's Electric Charge    Tloc/Air       10%        N/A       43%         3
 Manifold Assault         Tloc           9%         N/A       65%         4


Dungeon Overview and Level Annotations

Branches:
Dungeon (2/15)

Altars:
Ashenzari


Innate Abilities, Weirdness & Mutations

You have a beak for a mouth.
You have claws for feet.


Message History

No target in view!
You start resting.
HP restored.
You climb downwards.
The gnoll shouts!
The gnoll closely misses you.
There is a stone staircase leading up here.
There is a stone staircase leading up here.
The gnoll barely misses you. You block the gnoll's attack.
You climb upwards.
There is a stone staircase leading down here.
The gnoll attacks as you move away! The gnoll closely misses you.
You block the gnoll's attack.
You see here a +0 short sword.
Items here: ( )))).
You hit the gnoll. Your kick misses the gnoll. You peck the gnoll.
The gnoll is heavily wounded.
The gnoll hits you from afar with a +0 halberd!
Ouch! That really hurt!
The gnoll barely misses you.
You hit the gnoll.
You kill the gnoll!
The gnoll barely misses you.
Items here: ( )))).
Things that are here:
a +0 whip; a +0 short sword
There is a stone staircase leading down here.
You climb downwards.
The gnoll hits you with a +0 spear!
There is a stone staircase leading up here.
You hit the gnoll.
The gnoll is moderately wounded.
The gnoll closely misses you.
You hit the gnoll. You peck the gnoll.
The gnoll is heavily wounded.
You block the gnoll's attack. The gnoll hits you with a +0 spear.
* * * LOW HITPOINT WARNING * * *
You hit the gnoll. You peck the gnoll, but do no damage.
The gnoll is severely wounded.
The gnoll hits you with a +0 spear!
You die...

. ### ##. #.. ..# +...
.># ...##.# #....#
#....# #....####
########.@..#
###.....##g##.#
........##.# #
........##.#
.............##.#
.............##.# #
.............##.## .#
.................#+#.#
........####.##......#


You could see a gnoll.

Vanquished Creatures
  2 gnolls (D:1)
  An adder (D:2)
  2 dart slugs (D:1)
  2 ball pythons (D:1)
  4 bats
  3 endoplasms (D:1)
  3 giant cockroaches (D:1)
  8 goblins
  6 hobgoblins
  4 jackals (D:1)
  2 frilled lizards (D:1)
  4 kobolds (D:1)
  3 rats
44 creatures vanquished.

Notes
Turn   | Place    | Note
-------+----------+-------------------------------------------
     0 | D:1      | mopl the Tengu Warper began the quest for the Orb.
     0 | D:1      | Reached XP level 1. HP: 12/12 MP: 4/4
    48 | D:1      | Reached XP level 2. HP: 12/17 MP: 6/6
    62 | D:1      | Learned a level 2 spell: Blink
    65 | D:1      | Learned a level 2 spell: Lesser Beckoning
   167 | D:1      | Reached skill level 3 in Long Blades
   239 | D:1      | Reached XP level 3. HP: 10/21 MP: 7/7
   733 | D:2      | Found a broken altar of Ashenzari.
   901 | D:2      | Reached XP level 4. HP: 26/26 MP: 8/8
  1006 | D:2      | Slain by a gnoll

Illustrated notes

Levels and vault maps discovered:
D:1:      dpeg_arrival_rooms_with_view, layout_loops_cross
D:2:      layout_basic, basic_altar, corexii_item_surrounded_by_moat

Skill      XL: |  1  2 |
---------------+-------+-----
Long Blades    | 3 |  3.8
Fighting       | |  2.0
Throwing       | |  1.0
Armour         | |  1.1
Dodging        | |  2.1
Spellcasting   | |  2.6
Translocations | |  2.9

Action                     |  1- 3 |  4- 6 || total
---------------------------+-------+-------++-------
  Melee: Falchion          |   108 |    11 ||   119
         Kick              |    23 |     2 ||    25
         Peck              |    17 |     5 ||    22
 Armour: Leather armour    |    31 |     2 ||    33
  Dodge: Dodged            |    63 |     9 ||    72
  Block: Other             |    17 |     4 ||    21

Table legend: (Time is in decaauts)
 A = Elapsed time spent in this place.
 B = Non-inter-level travel time spent in this place.
 C = Inter-level travel time spent in this place.
 D = Time resting spent in this place.
 E = Time spent auto-exploring this place.
 F = Levels seen in this place.
 G = Mean time per level.
                   A        B        C        D        E       F      G
               +--------+--------+--------+--------+--------+-----+--------+
         Total |   1024 |   1015 |      9 |     20 |    647 |   2 |  512.0 |
       Dungeon |   1024 |   1015 |      9 |     20 |    647 |   2 |  512.0 |
               +--------+--------+--------+--------+--------+-----+--------+

Top non-repeatable levels by time:
     D:1: 792 daAuts
     D:2: 232 daAuts
